Wild vs Hurricanes

Created - March 19, 2016 at 09:36

Goals
1 2 3 OT1 T
Wild 0 1 1 1 3
Hurricanes 0 0 2 0 2
Shots
1 2 3 OT1 T
Wild 6 8 11 1 26
Hurricanes 10 4 18 3 35

1st period

No Goal

Penalties :
Sean Collins (MIN) for Hooking (Minor) at 3:51, Alex Chiasson (CAR) for Interference (Minor) at 6:47, Erik Cole (MIN) for Cross-checking (Minor) at 12:23, Scott Gomez (CAR) for Fighting (Major) at 18:32, R.J. Umberger (MIN) for Fighting (Major) at 18:32

2nd period

1. Wild , Jason Pominville 24 (Patrik Berglund, Mark Streit) at 12:46

Penalties :
Zach Redmond (MIN) for Roughing (Minor) at 4:25

3rd period

2. Hurricanes , Scott Gomez 13 (Bryan Little, Dustin Byfuglien) at 2:24
3. Hurricanes , Bryan Little 34 (Dustin Byfuglien, James Wisniewski) at 18:47 (PP)
4. Wild , Jason Pominville 25 (Jason Spezza) at 19:21

Penalties :
Peter Holland (MIN) for High sticking (Double Minor) at 12:14, Rene Bourque (MIN) for Tripping (Minor) at 17:46

Overtime #1

5. Wild , Erik Cole 23 (Jason Pominville, Mark Streit) at 1:36

Penalties :
No Penalty

Goalie Stats

Ryan Miller (MIN), 33 saves from 35 shots - (0.943), W, 22-26-11, 61:17 minutes
Frederik Andersen (CAR), 23 saves from 26 shots - (0.885), OTL, 17-12-5, 61:37 minutes

Players Stats for Wild

Player Name              G  A  P  +/- PIM S  H  SB GA TA FO     MP     PP MP  PK MP  
------------------------------------------------------------------------------------
Alex Biega               0  0  0   1  0   0  1  2  0  0  0/0    18:02   0:00   0:26 
Barret Jackman           0  0  0  -1  0   0  4  0  0  0  0/0    17:05   1:12   4:09 
Conor Allen              0  0  0   0  0   0  0  0  0  0  0/0     1:02   0:00   1:02 
Dennis Wideman           0  0  0   1  0   0  1  1  0  0  0/0    27:28   0:47   6:22 
Erik Cole                1  0  1   1  2   4  3  1  0  0  0/1    18:51   1:12   2:33 
Jack Hillen              0  0  0   1  0   1  1  0  0  0  0/0    13:43   0:00   0:00 
Jason Pominville         2  1  3   2  0   9  0  0  0  0  1/4    16:49   0:00   0:00 
Jason Spezza             0  1  1   1  0   2  0  0  0  0  4/13   25:05   0:47   3:21 
Mark Streit              0  2  2   1  0   0  1  1  0  0  0/0    27:00   0:47   6:22 
Michael Ryder            0  0  0  -1  0   4  0  0  0  0  4/10   20:55   0:47   7:18 
Patrik Berglund          0  1  1   1  0   1  2  0  0  0  10/25  15:16   1:12   0:00 
Peter Holland            0  0  0   0  4   0  2  0  0  0  7/21   20:14   1:12   0:00 
Peter Regin              0  0  0   1  0   1  0  0  0  0  1/2     3:39   0:00   0:18 
R.J. Umberger            0  0  0  -1  5   1  2  0  0  0  4/15   13:04   0:00   2:07 
Rene Bourque             0  0  0  -1  2   1  2  2  0  0  0/0    18:30   0:47   6:17 
Scott Hannan             0  0  0   0  0   0  0  0  0  0  0/0     2:55   0:00   0:00 
Sean Collins             0  0  0   0  2   1  0  0  0  0  0/0    19:49   0:00   0:00 
Zach Redmond             0  0  0  -1  2   1  0  2  0  0  0/0    15:58   1:12   3:33 

Players Stats for Hurricanes

Player Name              G  A  P  +/- PIM S  H  SB GA TA FO     MP     PP MP  PK MP  
------------------------------------------------------------------------------------
Alex Chiasson            0  0  0  -1  2   2  1  0  0  0  0/0    10:58   0:06   0:00 
Brad Richardson          0  0  0  -1  0   1  0  0  0  0  12/15  12:05   0:00   1:12 
Brian Boyle              0  0  0   0  0   2  1  0  0  0  4/6     9:16   0:00   1:12 
Brian Strait             0  0  0  -1  0   0  2  0  0  0  0/0    14:58   0:00   1:12 
Brooks Orpik             0  0  0  -1  0   1  1  2  0  0  0/0    20:10   4:50   0:47 
Bryan Little             1  1  2   0  0   3  0  1  0  0  24/32  22:49   5:53   0:00 
Carl Hagelin             0  0  0  -1  0   5  3  1  0  0  1/1    18:37   4:58   0:00 
Dustin Byfuglien         0  2  2   0  0   3  5  1  0  0  0/0    24:41   6:07   0:00 
James Wisniewski         0  1  1   0  0   4  0  1  0  0  0/0    23:38   6:07   1:12 
Jamie McGinn             0  0  0   0  0   0  0  0  0  0  0/0     0:00   0:00   0:00 
Keith Yandle             0  0  0   0  0   0  1  1  0  0  0/0    21:11   4:50   0:00 
Leo Komarov              0  0  0   0  0   3  1  0  0  0  14/25  22:03   5:53   0:29 
Michael Frolik           0  0  0   0  0   1  0  0  0  0  0/0    16:28   0:00   0:47 
Nick Foligno             0  0  0   0  0   4  1  0  0  0  2/3    21:58   5:53   0:18 
Patrick Maroon           0  0  0   0  0   1  2  0  0  0  0/1    16:34   0:06   0:00 
Ron Hainsey              0  0  0   0  0   0  1  1  0  0  0/0    18:36   0:00   0:47 
Scott Gomez              1  0  1   0  5   5  1  0  0  0  3/8    20:20   5:04   0:00 
Shawn Matthias           0  0  0   0  0   0  0  0  0  0  0/0    10:05   4:58   0:00 

3 Stars

1 - Jason Pominville (MIN)
2 - Dustin Byfuglien (CAR)
3 - Bryan Little (CAR)

Power Play

Wild - 0 on 1 Attempt(s) - 0.00%
Hurricanes - 1 on 6 Attempt(s) - 16.67%

Penalty Kill

Wild - 5 on 6 Attempt(s) - 83.33% - Score 0 goal in Penalty Kill
Hurricanes - 1 on 1 Attempt(s) - 100.00% - Score 0 goal in Penalty Kill

Team Stat

Wild - Hits : 19 - Faceoff Wins : 31 - Blocked Shots : 9 - Penalty Minutes : 17
Hurricanes - Hits : 20 - Faceoff Wins : 60 - Blocked Shots : 8 - Penalty Minutes : 7

Official

Referees : TJ Luxmore and Chris Rooney
Linesman : Kiel Murchison and Brian Murphy

Game Notes

Scott Gomez and R.J. Umberger fight to a draw at 18:32 of 1st period

Finance

Level 1 -- Attendance: 6000 (100.00%) -- Ticket Income $642,000
Level 2 -- Attendance: 5000 (100.00%) -- Ticket Income $325,000
Level 3 -- Attendance: 3202 (91.49%) -- Ticket Income $134,484
Level 4 -- Attendance: 2928 (92.08%) -- Ticket Income $70,272
Luxury Box -- Attendance: 962 (96.20%) -- Ticket Income $192,400
Game was played at the PNC Arena.
Total Attendance: 18092 (96.85%)
Total Ticket Income: $1,364,156
Other Income: $204,623
Total Income: $1,568,779

% Time on Ice - Wild

Lines # - Real PCT - Wanted PCT - Time Play
Normal Forward
1 - 40% - 40% - 19:03
2 - 30% - 30% - 14:04
3 - 24% - 20% - 11:27
4 - 5% - 10% - 2:30
Normal Defense
1 - 41% - 40% - 19:12
2 - 29% - 30% - 13:43
3 - 24% - 20% - 11:14
4 - 6% - 10% - 2:55
PP Forward
1 - 39% - 60% - 0:47
2 - 61% - 40% - 1:12
PP Defense
1 - 39% - 60% - 0:47
2 - 61% - 40% - 1:12
PK Forward
1 - 69% - 60% - 7:33
2 - 31% - 40% - 3:24
PK Defense
1 - 58% - 60% - 6:22
2 - 42% - 40% - 4:35
PK3 Forward
1 - 0% - 60%
2 - 0% - 40%
PK3 Defense
1 - 0% - 60%
2 - 0% - 40%
44 Forward
1 - 0% - 60%
2 - 0% - 40%
44 Defense
1 - 0% - 60%
2 - 0% - 40%
Last Minute Offensive  - 0:00
Last Minute Defensive  - 0:00
Total
Forward - 60:00
Defense - 60:00

% Time on Ice - Hurricanes

Lines # - Real PCT - Wanted PCT - Time Play
Normal Forward
1 - 33% - 33% - 15:23
2 - 33% - 32% - 15:41
3 - 23% - 22% - 10:53
4 - 11% - 13% - 5:07
Normal Defense
1 - 35% - 37% - 16:19
2 - 34% - 32% - 16:12
3 - 27% - 21% - 12:48
4 - 4% - 10% - 1:45
PP Forward
1 - 54% - 58% - 5:53
2 - 46% - 42% - 5:04
PP Defense
1 - 56% - 58% - 6:07
2 - 44% - 42% - 4:50
PK Forward
1 - 39% - 57% - 0:47
2 - 61% - 43% - 1:12
PK Defense
1 - 39% - 58% - 0:47
2 - 61% - 42% - 1:12
PK3 Forward
1 - 0% - 55%
2 - 0% - 45%
PK3 Defense
1 - 0% - 55%
2 - 0% - 45%
44 Forward
1 - 0% - 50%
2 - 0% - 50%
44 Defense
1 - 0% - 50%
2 - 0% - 50%
Last Minute Offensive  - 0:00
Last Minute Defensive  - 0:00
Total
Forward - 60:00
Defense - 60:00

Play by Play

1st period


0:01 of 1st period - Bryan Little wins face-off versus Peter Holland in neutral zone.
0:08 of 1st period - Shot by Nick Foligno.
0:08 of 1st period - Deflect By Scott Gomez.
0:08 of 1st period - Stopped by Ryan Miller without a rebound.
0:09 of 1st period - Patrik Berglund wins face-off versus Leo Komarov in Wild zone.
0:16 of 1st period - Icing by Jack Hillen.
0:17 of 1st period - Brad Richardson wins face-off versus Patrik Berglund in Wild zone.
0:34 of 1st period - Shot by Carl Hagelin.
0:34 of 1st period - Shot Misses the Net.
1:11 of 1st period - Icing by Jason Pominville.
1:12 of 1st period - Bryan Little wins face-off versus Patrik Berglund in Wild zone.
1:20 of 1st period - Jason Pominville is hit by Keith Yandle and loses puck.
1:53 of 1st period - Shot by Jason Spezza.
1:53 of 1st period - Stopped by Frederik Andersen without a rebound.
1:54 of 1st period - Leo Komarov wins face-off versus R.J. Umberger in Hurricanes zone.
1:59 of 1st period - Shot by Rene Bourque.
1:59 of 1st period - Stopped by Frederik Andersen with a rebound.
2:15 of 1st period - Shot by James Wisniewski.
2:15 of 1st period - Stopped by Ryan Miller without a rebound.
2:16 of 1st period - Jason Spezza wins face-off versus Brian Boyle in Wild zone.
2:20 of 1st period - Dennis Wideman is hit by Brian Strait and loses puck.
2:36 of 1st period - Shot by Brian Boyle.
2:36 of 1st period - Shot Misses the Net.
2:38 of 1st period - Shot by Carl Hagelin.
2:38 of 1st period - Shot Misses the Net.
2:43 of 1st period - Brian Boyle is hit by Mark Streit and loses puck.
2:48 of 1st period - Shot by Carl Hagelin.
2:48 of 1st period - Shot Blocked by Dennis Wideman.
2:56 of 1st period - Shot by Carl Hagelin.
2:56 of 1st period - Deflect By Brian Boyle.
2:56 of 1st period - Stopped by Ryan Miller without a rebound.
2:57 of 1st period - R.J. Umberger wins face-off versus Leo Komarov in Wild zone.
3:20 of 1st period - Shot by Leo Komarov.
3:20 of 1st period - Stopped by Ryan Miller with a rebound.
3:22 of 1st period - Shot by James Wisniewski.
3:22 of 1st period - Shot Misses the Net.
3:24 of 1st period - Shot by Dustin Byfuglien.
3:24 of 1st period - Stopped by Ryan Miller with a rebound.
3:26 of 1st period - Shot by Michael Frolik.
3:26 of 1st period - Shot Misses the Net.
3:28 of 1st period - Shot by James Wisniewski.
3:28 of 1st period - Stopped by Ryan Miller without a rebound.
3:29 of 1st period - Bryan Little wins face-off versus Patrik Berglund in Wild zone.
3:33 of 1st period - Icing by Barret Jackman.
3:34 of 1st period - Bryan Little wins face-off versus Patrik Berglund in Wild zone.
3:46 of 1st period - Shot by Jason Pominville.
3:46 of 1st period - Deflect By Patrik Berglund.
3:46 of 1st period - Shot Misses the Net.
3:48 of 1st period - Shot by Patrik Berglund.
3:48 of 1st period - Deflect By Jason Pominville.
3:48 of 1st period - Stopped by Frederik Andersen without a rebound.
3:49 of 1st period - Leo Komarov wins face-off versus Jason Spezza in Hurricanes zone.
3:51 of 1st period - Minor Penalty to Sean Collins for Hooking.
3:52 of 1st period - Bryan Little wins face-off versus Michael Ryder in Wild zone.
3:59 of 1st period - Shot by Bryan Little.
3:59 of 1st period - Stopped by Ryan Miller without a rebound.
4:00 of 1st period - Bryan Little wins face-off versus Michael Ryder in Wild zone.
4:01 of 1st period - Shot by James Wisniewski.
4:01 of 1st period - Shot Misses the Net.
4:03 of 1st period - Shot by James Wisniewski.
4:03 of 1st period - Shot Misses the Net.
4:39 of 1st period - Shot by James Wisniewski.
4:39 of 1st period - Shot Misses the Net.
4:55 of 1st period - Dennis Wideman is hit by Carl Hagelin and loses puck.
5:30 of 1st period - Shot by Scott Gomez.
5:30 of 1st period - Shot Misses the Net.
5:45 of 1st period - Icing by James Wisniewski.
5:46 of 1st period - Bryan Little wins face-off versus Jason Spezza in Hurricanes zone.
5:59 of 1st period - Shot by Sean Collins.
5:59 of 1st period - Stopped by Frederik Andersen with a rebound.
6:44 of 1st period - Alex Chiasson is hit by Barret Jackman.
6:47 of 1st period - Minor Penalty to Alex Chiasson for Interference.
6:48 of 1st period - Patrik Berglund wins face-off versus Nick Foligno in Hurricanes zone.
6:55 of 1st period - Shot by Zach Redmond.
6:55 of 1st period - Shot Blocked by Brooks Orpik.
6:57 of 1st period - Shot by Barret Jackman.
6:57 of 1st period - Shot Hit the Post.
7:39 of 1st period - Off-side.
7:40 of 1st period - Jason Spezza wins face-off versus Leo Komarov in neutral zone.
8:04 of 1st period - Off-side.
8:05 of 1st period - Patrik Berglund wins face-off versus Brian Boyle in neutral zone.
8:32 of 1st period - Shot by Zach Redmond.
8:32 of 1st period - Stopped by Frederik Andersen with a rebound.
8:34 of 1st period - Shot by Peter Holland.
8:34 of 1st period - Shot Misses the Net.
9:50 of 1st period - Shot by Jason Pominville.
9:50 of 1st period - Shot Blocked by Brooks Orpik.
9:56 of 1st period - Shot by Jason Spezza.
9:56 of 1st period - Shot Misses the Net.
11:35 of 1st period - Shot by Carl Hagelin.
11:35 of 1st period - Deflect By Brad Richardson.
11:35 of 1st period - Stopped by Ryan Miller without a rebound.
11:36 of 1st period - Carl Hagelin wins face-off versus Peter Holland in Wild zone.
11:55 of 1st period - Mark Streit is hit by Brian Boyle and loses puck.
12:23 of 1st period - Minor Penalty to Erik Cole for Cross-checking.
12:24 of 1st period - Michael Ryder wins face-off versus Bryan Little in Wild zone.
13:03 of 1st period - Shot by Carl Hagelin.
13:03 of 1st period - Deflect By Scott Gomez.
13:03 of 1st period - Shot Misses the Net.
13:50 of 1st period - Icing by Bryan Little.
13:51 of 1st period - Bryan Little wins face-off versus Jason Spezza in Hurricanes zone.
14:36 of 1st period - Shot by Carl Hagelin.
14:36 of 1st period - Shot Misses the Net.
14:38 of 1st period - Shot by Brad Richardson.
14:38 of 1st period - Shot Misses the Net.
16:51 of 1st period - Shot by Jason Spezza.
16:51 of 1st period - Deflect By Jason Pominville.
16:51 of 1st period - Stopped by Frederik Andersen without a rebound.
16:52 of 1st period - Patrik Berglund wins face-off versus Brad Richardson in Hurricanes zone.
17:00 of 1st period - Icing by Dustin Byfuglien.
17:01 of 1st period - Brad Richardson wins face-off versus Patrik Berglund in Hurricanes zone.
17:16 of 1st period - Shot by Carl Hagelin.
17:16 of 1st period - Stopped by Ryan Miller without a rebound.
17:17 of 1st period - Bryan Little wins face-off versus Jason Spezza in Wild zone.
17:18 of 1st period - Shot by Nick Foligno.
17:18 of 1st period - Shot Blocked by Alex Biega.
17:23 of 1st period - Off-side.
17:24 of 1st period - Bryan Little wins face-off versus Patrik Berglund in neutral zone.
17:24 of 1st period - Nick Foligno is hit by Erik Cole and loses puck.
17:35 of 1st period - Icing by Brooks Orpik.
17:36 of 1st period - Peter Holland wins face-off versus Bryan Little in Hurricanes zone.
17:54 of 1st period - Off-side.
17:55 of 1st period - Patrik Berglund wins face-off versus Leo Komarov in neutral zone.
17:58 of 1st period - Michael Frolik is hit by Erik Cole and loses puck.
18:21 of 1st period - Shot by Patrick Maroon.
18:21 of 1st period - Stopped by Ryan Miller without a rebound.
18:22 of 1st period - Bryan Little wins face-off versus R.J. Umberger in Wild zone.
18:32 of 1st period - Scott Gomez and R.J. Umberger fight to a draw.
18:32 of 1st period - Penalty to Scott Gomez for Fighting.
18:32 of 1st period - Penalty to R.J. Umberger for Fighting.
18:33 of 1st period - Brad Richardson wins face-off versus Peter Holland in Hurricanes zone.
18:46 of 1st period - Icing by Mark Streit.
18:47 of 1st period - Leo Komarov wins face-off versus Peter Holland in Wild zone.
19:33 of 1st period - Dennis Wideman is hit by Patrick Maroon and loses puck.
Goals for this period are 0 for Wild vs 0 for Hurricanes.
Shots for this period are 6 for Wild vs 10 for Hurricanes.

2nd period


0:01 of 2nd period - Bryan Little wins face-off versus Peter Holland in neutral zone.
0:03 of 2nd period - Off-side.
0:04 of 2nd period - Bryan Little wins face-off versus Peter Holland in neutral zone.
0:23 of 2nd period - Shot by Nick Foligno.
0:23 of 2nd period - Stopped by Ryan Miller without a rebound.
0:24 of 2nd period - Brad Richardson wins face-off versus Jason Spezza in Wild zone.
0:40 of 2nd period - Icing by Carl Hagelin.
0:41 of 2nd period - Brad Richardson wins face-off versus Patrik Berglund in Hurricanes zone.
0:41 of 2nd period - Brad Richardson is hit by Erik Cole.
2:31 of 2nd period - Icing by Sean Collins.
2:32 of 2nd period - Peter Holland wins face-off versus Leo Komarov in Wild zone.
2:38 of 2nd period - Icing by Jack Hillen.
2:39 of 2nd period - Peter Holland wins face-off versus Leo Komarov in Wild zone.
2:39 of 2nd period - Peter Holland is hit by Patrick Maroon.
3:37 of 2nd period - Off-side.
3:38 of 2nd period - Patrik Berglund wins face-off versus Bryan Little in neutral zone.
3:54 of 2nd period - Icing by Barret Jackman.
3:55 of 2nd period - Brad Richardson wins face-off versus Patrik Berglund in Wild zone.
4:18 of 2nd period - Shot by Carl Hagelin.
4:18 of 2nd period - Shot Misses the Net.
4:23 of 2nd period - Alex Chiasson is hit by Barret Jackman and loses puck.
4:25 of 2nd period - Minor Penalty to Zach Redmond for Roughing.
4:26 of 2nd period - Bryan Little wins face-off versus Michael Ryder in Wild zone.
6:55 of 2nd period - Shot by Brian Boyle.
6:55 of 2nd period - Stopped by Ryan Miller without a rebound.
6:56 of 2nd period - Patrik Berglund wins face-off versus Leo Komarov in Wild zone.
7:03 of 2nd period - Shot by Jason Pominville.
7:03 of 2nd period - Stopped by Frederik Andersen with a rebound.
7:09 of 2nd period - Shot by Jason Pominville.
7:09 of 2nd period - Shot Misses the Net.
7:12 of 2nd period - Icing by Brian Strait.
7:13 of 2nd period - Leo Komarov wins face-off versus Patrik Berglund in Hurricanes zone.
7:28 of 2nd period - Shot by Leo Komarov.
7:28 of 2nd period - Stopped by Ryan Miller without a rebound.
7:29 of 2nd period - Bryan Little wins face-off versus Peter Holland in Wild zone.
7:32 of 2nd period - Shot by Nick Foligno.
7:32 of 2nd period - Shot Misses the Net.
7:41 of 2nd period - Mark Streit is hit by Dustin Byfuglien and loses puck.
8:36 of 2nd period - Shot by Michael Ryder.
8:36 of 2nd period - Deflect By Rene Bourque.
8:36 of 2nd period - Shot Misses the Net.
8:40 of 2nd period - Shot by Michael Ryder.
8:40 of 2nd period - Stopped by Frederik Andersen with a rebound.
8:42 of 2nd period - Shot by Jack Hillen.
8:42 of 2nd period - Stopped by Frederik Andersen with a rebound.
8:44 of 2nd period - Shot by Michael Ryder.
8:44 of 2nd period - Stopped by Frederik Andersen without a rebound.
8:45 of 2nd period - Brad Richardson wins face-off versus Patrik Berglund in Hurricanes zone.
8:45 of 2nd period - Brad Richardson is hit by Patrik Berglund.
8:57 of 2nd period - Shot by Carl Hagelin.
8:57 of 2nd period - Shot Blocked by Zach Redmond.
9:00 of 2nd period - Icing by Barret Jackman.
9:01 of 2nd period - Patrik Berglund wins face-off versus Leo Komarov in Wild zone.
9:15 of 2nd period - Patrick Maroon is hit by Barret Jackman.
9:32 of 2nd period - Icing by Brian Strait.
9:33 of 2nd period - Peter Holland wins face-off versus Leo Komarov in Hurricanes zone.
10:00 of 2nd period - Icing by Mark Streit.
10:01 of 2nd period - Brian Boyle wins face-off versus Peter Holland in Wild zone.
10:59 of 2nd period - Icing by Keith Yandle.
11:00 of 2nd period - Bryan Little wins face-off versus R.J. Umberger in Hurricanes zone.
11:05 of 2nd period - Shot by Michael Ryder.
11:05 of 2nd period - Shot Blocked by Keith Yandle.
11:09 of 2nd period - Shot by Michael Ryder.
11:09 of 2nd period - Shot Blocked by Bryan Little.
11:11 of 2nd period - Shot by R.J. Umberger.
11:11 of 2nd period - Stopped by Frederik Andersen without a rebound.
11:12 of 2nd period - Leo Komarov wins face-off versus Patrik Berglund in Hurricanes zone.
11:30 of 2nd period - Shot by Erik Cole.
11:30 of 2nd period - Shot Misses the Net.
11:32 of 2nd period - Shot by Patrik Berglund.
11:32 of 2nd period - Stopped by Frederik Andersen without a rebound.
11:33 of 2nd period - Bryan Little wins face-off versus R.J. Umberger in Hurricanes zone.
11:35 of 2nd period - Icing by Nick Foligno.
11:36 of 2nd period - Nick Foligno wins face-off versus R.J. Umberger in Hurricanes zone.
11:36 of 2nd period - Nick Foligno is hit by R.J. Umberger.
11:51 of 2nd period - R.J. Umberger is hit by Dustin Byfuglien.
11:58 of 2nd period - R.J. Umberger is hit by Dustin Byfuglien.
12:17 of 2nd period - Scott Gomez is hit by Alex Biega and loses puck.
12:46 of 2nd period - Shot by Jason Pominville.
12:46 of 2nd period - Goal by Jason Pominville - Wild : 1 - Hurricanes : 0.
12:47 of 2nd period - Leo Komarov wins face-off versus Peter Holland in neutral zone.
14:18 of 2nd period - Erik Cole is hit by Brian Strait and loses puck.
14:27 of 2nd period - Shot by Carl Hagelin.
14:27 of 2nd period - Stopped by Ryan Miller without a rebound.
14:28 of 2nd period - R.J. Umberger wins face-off versus Bryan Little in Wild zone.
15:00 of 2nd period - Shot by R.J. Umberger.
15:00 of 2nd period - Shot Misses the Net.
15:02 of 2nd period - Shot by Michael Ryder.
15:02 of 2nd period - Stopped by Frederik Andersen without a rebound.
15:03 of 2nd period - Brian Boyle wins face-off versus Jason Spezza in Hurricanes zone.
15:08 of 2nd period - Peter Holland is hit by Carl Hagelin and loses puck.
15:20 of 2nd period - Icing by Zach Redmond.
15:21 of 2nd period - Leo Komarov wins face-off versus Peter Holland in Wild zone.
16:37 of 2nd period - Shot by Jason Pominville.
16:37 of 2nd period - Shot Blocked by Dustin Byfuglien.
16:39 of 2nd period - Shot by Erik Cole.
16:39 of 2nd period - Shot Misses the Net.
16:41 of 2nd period - Shot by Jason Pominville.
16:41 of 2nd period - Shot Misses the Net.
17:08 of 2nd period - Off-side.
17:09 of 2nd period - Brad Richardson wins face-off versus Peter Holland in neutral zone.
17:36 of 2nd period - Zach Redmond is hit by Brooks Orpik and loses puck.
17:58 of 2nd period - Brian Strait is hit by Barret Jackman and loses puck.
18:46 of 2nd period - Icing by Dennis Wideman.
18:47 of 2nd period - R.J. Umberger wins face-off versus Bryan Little in Wild zone.
18:52 of 2nd period - Ron Hainsey is hit by Rene Bourque and loses puck.
19:35 of 2nd period - Icing by Dennis Wideman.
19:36 of 2nd period - Leo Komarov wins face-off versus R.J. Umberger in Wild zone.
Goals for this period are 1 for Wild vs 0 for Hurricanes.
Shots for this period are 8 for Wild vs 4 for Hurricanes.

3rd period


0:01 of 3rd period - Peter Holland wins face-off versus Patrick Maroon in neutral zone.
0:10 of 3rd period - Michael Frolik is hit by Peter Holland and loses puck.
0:34 of 3rd period - Icing by Alex Biega.
0:35 of 3rd period - Peter Holland wins face-off versus Scott Gomez in Wild zone.
0:48 of 3rd period - Off-side.
0:49 of 3rd period - Brian Boyle wins face-off versus Patrik Berglund in neutral zone.
2:24 of 3rd period - Shot by Bryan Little.
2:24 of 3rd period - Deflect By Scott Gomez.
2:24 of 3rd period - Goal by Scott Gomez - Wild : 1 - Hurricanes : 1.
2:25 of 3rd period - Leo Komarov wins face-off versus Peter Holland in neutral zone.
2:42 of 3rd period - Shot by Michael Frolik.
2:42 of 3rd period - Shot Misses the Net.
3:22 of 3rd period - Shot by Carl Hagelin.
3:22 of 3rd period - Stopped by Ryan Miller without a rebound.
3:23 of 3rd period - Bryan Little wins face-off versus R.J. Umberger in Wild zone.
3:30 of 3rd period - Shot by Nick Foligno.
3:30 of 3rd period - Shot Blocked by Rene Bourque.
3:32 of 3rd period - Shot by Bryan Little.
3:32 of 3rd period - Shot Blocked by Rene Bourque.
3:34 of 3rd period - Shot by Brooks Orpik.
3:34 of 3rd period - Stopped by Ryan Miller without a rebound.
3:35 of 3rd period - Brad Richardson wins face-off versus Patrik Berglund in Wild zone.
3:38 of 3rd period - Shot by Carl Hagelin.
3:38 of 3rd period - Shot Misses the Net.
3:40 of 3rd period - Shot by Dustin Byfuglien.
3:40 of 3rd period - Stopped by Ryan Miller without a rebound.
3:41 of 3rd period - Bryan Little wins face-off versus Erik Cole in Wild zone.
3:44 of 3rd period - Shot by Nick Foligno.
3:44 of 3rd period - Shot Blocked by Erik Cole.
3:46 of 3rd period - Shot by Scott Gomez.
3:46 of 3rd period - Shot Misses the Net.
3:48 of 3rd period - Shot by Bryan Little.
3:48 of 3rd period - Shot Misses the Net.
4:06 of 3rd period - Shot by Nick Foligno.
4:06 of 3rd period - Stopped by Ryan Miller with a rebound.
4:08 of 3rd period - Shot by Dustin Byfuglien.
4:08 of 3rd period - Shot Misses the Net.
4:10 of 3rd period - Shot by Scott Gomez.
4:10 of 3rd period - Stopped by Ryan Miller without a rebound.
4:11 of 3rd period - Leo Komarov wins face-off versus R.J. Umberger in Wild zone.
4:14 of 3rd period - Shot by Michael Frolik.
4:14 of 3rd period - Shot Misses the Net.
4:24 of 3rd period - Shot by Michael Frolik.
4:24 of 3rd period - Shot Misses the Net.
4:26 of 3rd period - Shot by Michael Frolik.
4:26 of 3rd period - Stopped by Ryan Miller with a rebound.
4:36 of 3rd period - R.J. Umberger is hit by Leo Komarov and loses puck.
5:09 of 3rd period - Shot by Carl Hagelin.
5:09 of 3rd period - Shot Blocked by Zach Redmond.
5:17 of 3rd period - Shot by Alex Chiasson.
5:17 of 3rd period - Shot Misses the Net.
5:24 of 3rd period - Zach Redmond is hit by Alex Chiasson and loses puck.
5:30 of 3rd period - Off-side.
5:31 of 3rd period - Bryan Little wins face-off versus Jason Spezza in neutral zone.
5:36 of 3rd period - Shot by Nick Foligno.
5:36 of 3rd period - Shot Misses the Net.
6:14 of 3rd period - Shot by Jason Spezza.
6:14 of 3rd period - Stopped by Frederik Andersen without a rebound.
6:15 of 3rd period - Patrik Berglund wins face-off versus Brad Richardson in Hurricanes zone.
6:18 of 3rd period - Shot by Erik Cole.
6:18 of 3rd period - Shot Misses the Net.
6:22 of 3rd period - Shot by Jason Pominville.
6:22 of 3rd period - Shot Blocked by Carl Hagelin.
6:30 of 3rd period - Shot by Jason Pominville.
6:30 of 3rd period - Stopped by Frederik Andersen without a rebound.
6:31 of 3rd period - Leo Komarov wins face-off versus Patrik Berglund in Hurricanes zone.
6:44 of 3rd period - Shot by Patrik Berglund.
6:44 of 3rd period - Shot Misses the Net.
6:46 of 3rd period - Shot by Erik Cole.
6:46 of 3rd period - Stopped by Frederik Andersen without a rebound.
6:47 of 3rd period - Brad Richardson wins face-off versus Peter Holland in Hurricanes zone.
6:51 of 3rd period - Icing by Carl Hagelin.
6:52 of 3rd period - Peter Regin wins face-off versus Brad Richardson in Hurricanes zone.
6:55 of 3rd period - Shot by Jason Pominville.
6:55 of 3rd period - Shot Misses the Net.
6:57 of 3rd period - Shot by Jason Spezza.
6:57 of 3rd period - Shot Blocked by James Wisniewski.
7:11 of 3rd period - Shot by Jason Pominville.
7:11 of 3rd period - Stopped by Frederik Andersen with a rebound.
7:13 of 3rd period - Shot by Peter Regin.
7:13 of 3rd period - Stopped by Frederik Andersen without a rebound.
7:14 of 3rd period - Leo Komarov wins face-off versus R.J. Umberger in Hurricanes zone.
7:14 of 3rd period - Leo Komarov is hit by R.J. Umberger.
8:21 of 3rd period - Jason Spezza is hit by Ron Hainsey and loses puck.
8:35 of 3rd period - Dennis Wideman is hit by Dustin Byfuglien and loses puck.
8:57 of 3rd period - Bryan Little is hit by Dennis Wideman and loses puck.
9:34 of 3rd period - Shot by Alex Chiasson.
9:34 of 3rd period - Stopped by Ryan Miller without a rebound.
9:35 of 3rd period - Brian Boyle wins face-off versus Patrik Berglund in Wild zone.
9:49 of 3rd period - Shot by Carl Hagelin.
9:49 of 3rd period - Stopped by Ryan Miller with a rebound.
10:05 of 3rd period - Shot by Brian Boyle.
10:05 of 3rd period - Shot Misses the Net.
10:07 of 3rd period - Shot by Carl Hagelin.
10:07 of 3rd period - Shot Blocked by Alex Biega.
10:09 of 3rd period - Shot by Brian Strait.
10:09 of 3rd period - Deflect By Carl Hagelin.
10:09 of 3rd period - Shot Misses the Net.
10:28 of 3rd period - Erik Cole is hit by Nick Foligno and loses puck.
10:35 of 3rd period - Shot by Nick Foligno.
10:35 of 3rd period - Stopped by Ryan Miller without a rebound.
10:36 of 3rd period - Leo Komarov wins face-off versus R.J. Umberger in Wild zone.
10:37 of 3rd period - Shot by Patrick Maroon.
10:37 of 3rd period - Shot Misses the Net.
10:51 of 3rd period - Shot by Michael Ryder.
10:51 of 3rd period - Stopped by Frederik Andersen without a rebound.
10:52 of 3rd period - R.J. Umberger wins face-off versus Bryan Little in Hurricanes zone.
10:52 of 3rd period - Zach Redmond is hit by Dustin Byfuglien.
11:40 of 3rd period - Shot by Jason Pominville.
11:40 of 3rd period - Stopped by Frederik Andersen without a rebound.
11:41 of 3rd period - Brad Richardson wins face-off versus Jason Pominville in Hurricanes zone.
11:46 of 3rd period - Keith Yandle is hit by Patrik Berglund.
11:53 of 3rd period - Brad Richardson is hit by Jack Hillen and loses puck.
12:02 of 3rd period - Shot by Alex Chiasson.
12:02 of 3rd period - Stopped by Ryan Miller without a rebound.
12:03 of 3rd period - Peter Holland wins face-off versus Leo Komarov in Wild zone.
12:10 of 3rd period - Michael Frolik is hit by Peter Holland and loses puck.
12:14 of 3rd period - Double Minor Penalty to Peter Holland for High sticking.
12:15 of 3rd period - Bryan Little wins face-off versus Michael Ryder in Wild zone.
12:20 of 3rd period - Shot by Bryan Little.
12:20 of 3rd period - Shot Blocked by Mark Streit.
12:22 of 3rd period - Shot by Leo Komarov.
12:22 of 3rd period - Stopped by Ryan Miller with a rebound.
12:24 of 3rd period - Shot by Dustin Byfuglien.
12:24 of 3rd period - Stopped by Ryan Miller with a rebound.
12:26 of 3rd period - Shot by James Wisniewski.
12:26 of 3rd period - Stopped by Ryan Miller with a rebound.
12:36 of 3rd period - Shot by Bryan Little.
12:36 of 3rd period - Stopped by Ryan Miller without a rebound.
12:37 of 3rd period - Michael Ryder wins face-off versus Scott Gomez in Wild zone.
12:37 of 3rd period - Michael Ryder is hit by Scott Gomez.
13:19 of 3rd period - Icing by Brooks Orpik.
13:20 of 3rd period - Scott Gomez wins face-off versus Michael Ryder in Hurricanes zone.
13:31 of 3rd period - Shot by Keith Yandle.
13:31 of 3rd period - Shot Misses the Net.
14:29 of 3rd period - Shot by James Wisniewski.
14:29 of 3rd period - Stopped by Ryan Miller without a rebound.
14:30 of 3rd period - Jason Spezza wins face-off versus Scott Gomez in Wild zone.
14:50 of 3rd period - Icing by Brooks Orpik.
14:51 of 3rd period - Michael Ryder wins face-off versus Scott Gomez in Hurricanes zone.
15:48 of 3rd period - Shot by Bryan Little.
15:48 of 3rd period - Shot Misses the Net.
17:14 of 3rd period - Shot by Erik Cole.
17:14 of 3rd period - Stopped by Frederik Andersen with a rebound.
17:16 of 3rd period - Shot by Erik Cole.
17:16 of 3rd period - Stopped by Frederik Andersen without a rebound.
17:17 of 3rd period - Patrik Berglund wins face-off versus Leo Komarov in Hurricanes zone.
17:41 of 3rd period - Shot by Jason Pominville.
17:41 of 3rd period - Stopped by Frederik Andersen without a rebound.
17:42 of 3rd period - Scott Gomez wins face-off versus R.J. Umberger in Hurricanes zone.
17:42 of 3rd period - James Wisniewski is hit by Rene Bourque and loses puck.
17:46 of 3rd period - Minor Penalty to Rene Bourque for Tripping.
17:47 of 3rd period - Michael Ryder wins face-off versus Scott Gomez in Wild zone.
17:47 of 3rd period - Michael Ryder is hit by Carl Hagelin.
18:15 of 3rd period - Shot by Carl Hagelin.
18:15 of 3rd period - Stopped by Ryan Miller without a rebound.
18:16 of 3rd period - Nick Foligno wins face-off versus Michael Ryder in Wild zone.
18:37 of 3rd period - Shot by James Wisniewski.
18:37 of 3rd period - Shot Misses the Net.
18:47 of 3rd period - Shot by Bryan Little.
18:47 of 3rd period - Goal by Bryan Little - Wild : 1 - Hurricanes : 2.
18:48 of 3rd period - Brad Richardson wins face-off versus Peter Regin in neutral zone.
19:01 of 3rd period - Wild, Ryan Miller is pulled from the net.
19:13 of 3rd period - Shot by Carl Hagelin.
19:13 of 3rd period - Shot Misses the Net.
19:21 of 3rd period - Shot by Jason Pominville.
19:21 of 3rd period - Goal by Jason Pominville - Wild : 2 - Hurricanes : 2.
19:21 of 3rd period - Ryan Miller from Wild was sent back in the game.
19:22 of 3rd period - Leo Komarov wins face-off versus Peter Holland in neutral zone.
19:42 of 3rd period - Shot by Leo Komarov.
19:42 of 3rd period - Deflect By Patrick Maroon.
19:42 of 3rd period - Shot Hit the Post.
Goals for this period are 1 for Wild vs 2 for Hurricanes.
Shots for this period are 11 for Wild vs 18 for Hurricanes.

Overtime #1


0:01 of 1st overtime period - Bryan Little wins face-off versus Jason Pominville in neutral zone.
0:14 of 1st overtime period - Shot by Nick Foligno.
0:14 of 1st overtime period - Stopped by Ryan Miller without a rebound.
0:15 of 1st overtime period - Bryan Little wins face-off versus Jason Spezza in Wild zone.
0:18 of 1st overtime period - Shot by Scott Gomez.
0:18 of 1st overtime period - Stopped by Ryan Miller without a rebound.
0:19 of 1st overtime period - Scott Gomez wins face-off versus Jason Pominville in Wild zone.
0:22 of 1st overtime period - Shot by Nick Foligno.
0:22 of 1st overtime period - Deflect By Scott Gomez.
0:22 of 1st overtime period - Stopped by Ryan Miller without a rebound.
0:23 of 1st overtime period - Jason Spezza wins face-off versus Bryan Little in Wild zone.
0:27 of 1st overtime period - Off-side.
0:28 of 1st overtime period - Bryan Little wins face-off versus Jason Spezza in neutral zone.
1:06 of 1st overtime period - Icing by Ron Hainsey.
1:07 of 1st overtime period - Jason Pominville wins face-off versus Bryan Little in Hurricanes zone.
1:14 of 1st overtime period - Shot by Bryan Little.
1:14 of 1st overtime period - Shot Misses the Net.
1:30 of 1st overtime period - Shot by Jason Pominville.
1:30 of 1st overtime period - Shot Blocked by Ron Hainsey.
1:34 of 1st overtime period - Shot by Jason Pominville.
1:34 of 1st overtime period - Shot Misses the Net.
1:36 of 1st overtime period - Shot by Erik Cole.
1:36 of 1st overtime period - Goal by Erik Cole - Wild : 3 - Hurricanes : 2.
Goals for this period are 1 for Wild vs 0 for Hurricanes.
Shots for this period are 1 for Wild vs 3 for Hurricanes.